AoeStats
← Serpent23

Glade

510419543Analyzed
1v1 RM · 9h ago on Sep 30, 2026· 43m 34s· 2 players
Game mode
Random Map
Map size
Tiny (2 player)
Population
200
Speed
Normal
Resources
Standard
Victory
Conquest
Starting age
Dark Age
Ending age
Imperial Age
RankedLock teamsTeams togetherTeam positionsShared explorationLock speedFull tech treeHidden civsTurbo modeCheats
Victory
Defeat
🇵🇰 Burgundians · Pakistan
1323
+18
🇧🇷 Varangians · Brazil
1360
-18
Karamazov
10:33 Feudal Age
11:57 Loom
15:32 Castle Age
15:30 Bloodlines
15:45 Double-Bit Axe
17:02 Bow Saw
18:11 Horse Collar
27:21 Stone Mining
27:22 Gold Mining
28:36 Wheelbarrow
33:19 Imperial Age
32:46 Heavy Plow
34:19 Scale Barding Armor
34:24 Forging
34:38 Conscription
34:54 Husbandry
35:19 Chain Barding Armor
38:31 Plate Barding Armor
37:18 Cavalier
38:07 Fletching
38:52 Iron Casting
38:53 Light Cavalry
39:00 Elite Skirmisher
40:33 Bodkin Arrow
42:41 Bracer
42:41 Padded Archer Armor
43:04 Ballistics
44:24 Blast Furnace
Serpent23
4:29 Loom
4:38 Double-Bit Axe
9:50 Loom
12:02 Feudal Age
10:48 Horse Collar
16:06 Castle Age
15:34 Bow Saw
17:02 Scale Mail Armor
16:28 Light Cavalry
19:43 Wheelbarrow
20:25 Heavy Plow
21:17 Husbandry
23:05 Town Watch
26:30 Fletching
27:50 Bodkin Arrow
31:37 Imperial Age
29:32 Squires
29:21 Pikeman
30:05 Scale Mail Armor
30:05 Pikeman
31:15 Murder Holes
31:41 Ballistics
31:43 Chain Mail Armor
31:43 Padded Archer Armor
32:01 Masonry
33:33 Chemistry
32:33 Halberdier
33:56 Crop Rotation
34:12 Plate Mail Armor
34:11 Forging
34:14 Bracer
34:32 Stone Mining
34:34 Gold Mining
35:34 Conscription
39:01 Padded Archer Armor
39:33 Treadmill Crane
40:04 Masonry
40:30 Hand Cart
40:15 Town Patrol
42:17 Scale Barding Armor
43:38 Hoardings
43:44 Chain Barding Armor
44:00 Iron Casting
Connection lost

Rejoining the realm…

Still unreachable

The connection could not be restored.

Session expired

The server has moved on; the page needs a fresh start.